 Dungeon Crawl Stone Soup version 0.22.0-38-g04b72b8 (webtiles) character file.

9023 Lavandula the Cleaver (level 11, -6/86 HPs)
             Began as a Centaur Berserker on Aug 30, 2018.
             Was an Elder of Trog.
             Engulfed by an ice statue's freezing vapour (16 damage)
             ... in an ice cave.
             The game lasted 00:25:51 (5345 turns).

Lavandula the Cleaver (Centaur Berserker)           Turns: 5345, Time: 00:25:51

Health: -6/86      AC: 18    Str: 25    XL:     11   Next: 17%
Magic:  14/14      EV: 12    Int:  6    God:    Trog [****..]
Gold:   520        SH:  0    Dex: 15    Spells: 10/10 levels left

rFire    . . .     SeeInvis +   M - +2 battleaxe (drain)
rCold    . . .     Gourm    .   (shield currently unavailable)
rNeg     . . .     Faith    .   O - +4 troll leather armour
rPois    +         Spirit   .   t - +2 helmet
rElec    .         Reflect  .   x - +2 cloak
rCorr    .         Harm     .   f - +2 pair of gloves
MR       .....                  (no barding)
Stlth    +.........             E - amulet of regeneration
HPRegen  1.04/turn              L - ring "Gaketef" {+Fly rPois Str+2 SInv}
MPRegen  0.14/turn              m - +6 ring of dexterity

@: about to teleport, berserk cooldown, very quick
A: large, hooves 3, deformed body, deterioration 1, speed 2, tough skin 3,
sturdy frame 1
a: Berserk, Trog's Hand, Brothers in Arms, Renounce Religion, Evoke Flight


You were in an ice cave.
You worshipped Trog.
Trog was greatly pleased with you.
You were not hungry.

You visited 1 branch of the dungeon, and saw 11 of its levels.
You also visited: Ice Cave.

You collected 520 gold pieces.

Inventory:

Hand Weapons
 a - a +0 hand axe
 p - a +0 war axe
 w - a +4 quarterstaff of chaos
 y - a +0 blowgun
 M - a +2 battleaxe of draining (weapon)
Missiles
 h - 11 tomahawks (quivered)
 k - 6 needles of sleeping
 q - 6 needles of confusion
 D - 6 poisoned needles
Armour
 f - a +2 pair of gloves (worn)
 j - a +2 leather armour of fire resistance
 t - a +2 helmet (worn)
 x - a +2 cloak (worn)
 O - a +4 troll leather armour (worn)
 Q - a +0 chain mail of poison resistance
Jewellery
 m - a +6 ring of dexterity (right hand)
 E - an amulet of regeneration (around neck)
 K - an uncursed ring of positive energy
 L - the ring "Gaketef" (left hand) {+Fly rPois Str+2 SInv}
   (You found it on level 6 of the Dungeon)

   [ring of flight]

   It affects your strength (+2).
   It protects you from poison.
   It lets you see invisible.
   It lets you fly.
Wands
 b - a wand of paralysis (11)
 d - a wand of digging (11)
 i - a wand of enslavement (21)
 J - a wand of clouds (4)
 N - a wand of random effects (35)
 R - a wand of polymorph (10)
 S - a wand of flame (32)
Scrolls
 e - 5 scrolls of remove curse
 l - 3 scrolls of enchant weapon {unknown}
 n - a scroll of immolation {unknown}
 o - a scroll of fear {unknown}
 r - a scroll of magic mapping
 u - 4 scrolls of teleportation
 H - 2 scrolls of blinking {unknown}
 P - 3 scrolls of noise {unknown}
 T - a scroll of fog {unknown}
 U - a scroll of enchant armour
Potions
 g - 3 potions of agility
 s - a potion of berserk rage
 v - 3 potions of brilliance
 z - a potion of might
 A - a potion of flight {unknown}
 B - 2 potions of curing
 C - a potion of magic {unknown}
 F - 2 potions of lignification {unknown}
 G - a potion of haste {unknown}
 I - 2 potions of heal wounds {unknown}
Comestibles
 c - 13 rations


   Skills:
 - Level 5.0 Fighting
 + Level 13.7 Axes
 - Level 1.3 Armour
 - Level 4.6 Dodging
 - Level 4.1 Evocations


You had 10 spell levels left.
You didn't know any spells.
Your spell library contained the following spells:

 Spells                   Type           Power        Failure   Level  Hunger
 Confusing Touch          Hex            #.....       45%         1    ##.....
 Magic Dart               Conj           #...         45%         1    ##.....
 Blink                    Tloc           N/A          58%         2    ###....
 Call Imp                 Summ           #.......     58%         2    ###....
 Slow                     Hex            #.......     58%         2    ###....
 Confuse                  Hex            #.......     83%         3    ####...
 Conjure Flame            Conj/Fire      #.......     83%         3    ####...
 Gell's Gravitas          Tloc           #.........   83%         3    ####...
 Mephitic Cloud           Conj/Pois/Air  #.......     83%         3    ####...
 Petrify                  Tmut/Erth      #.......     99%         4    #####..
 Metabolic Englaciation   Hex/Ice        #.........   100%        5    ######.
 Yara's Violent Unravell  Hex/Tmut       #.........   100%        5    ######.


Dungeon Overview and Level Annotations

Branches:
Dungeon (11/15)            Temple (0/1) D:4            Lair (0/6) D:9
    Orc: D:9-12

Altars:
Fedhas
Nemelex Xobeh
Okawaru
Trog
Uskayaw
Vehumet

Annotations:
IceCv exclusion: 2 ice statues


Innate Abilities, Weirdness & Mutations

You have hooves in place of feet.
Armour fits poorly on your strangely shaped body.
You cover ground very quickly.
You have extremely tough skin. (AC +3)
Your body sometimes deteriorates upon taking damage.
Your movements are slightly less encumbered by armour. (ER -2)


Message History

The ice statue gestures at you. The bolt of cold hits you!
Unknown command.
The ice statue gestures at you. The freezing blast engulfs you!
The ice beast misses you. The ice beast closely misses you.
Found 2 potions of agility and a scroll labeled HUPAUL ADUCS.
Unknown command.
As you read the scroll of teleportation, it crumbles to dust.
You feel strangely unstable.
You are engulfed in freezing vapours.
* * * LOW HITPOINT WARNING * * *
The white ugly thing gurgles horribly!
The ice statue gestures at you. The freezing blast engulfs you!
The ice beast hits you.
* * * LOW HITPOINT WARNING * * *
The ice beast freezes you!
* * * LOW HITPOINT WARNING * * *
It was a potion of curing.
You feel better.
You are engulfed in freezing vapours.
You die...

############# #
##....[#.....##
###......#...§.Y##
.#.......#...§Y§Y#
.#.......#.§§.YY@#
...........§..§§§8§.....
.#.......#.§.....#......
.#.......#.......#......
###......#......## .....
# ##..)..#8....## #..!?
############# ####


You could see 2 ice statues and 5 ice beasts.

Vanquished Creatures
  Erolcha (D:9)
  Erica (D:8)
  A two-headed ogre (D:9)
  A harpy (shapeshifter) (D:11)
  An ugly thing (IceCv)
  A cyclops (D:11)
  An ice statue (IceCv)
  An ice devil (D:11)
  A troll (D:9)
  2 hornets (D:11)
  Grinder (D:3)
  7 ice beasts
  2 sky beasts
  2 phantoms
  A black bear (D:7)
  3 centaurs (D:11)
  3 wolves (D:9)
  3 ogres
  4 bullfrogs
  A wyvern skeleton (D:8)
  2 scorpions (D:9)
  5 killer bees (D:9)
  3 howler monkeys
  A crimson imp (D:6)
  A bullfrog zombie (D:8)
  4 jellies
  2 orc wizards
  An orc priest (D:3)
  Crazy Yiuf (D:3)
  5 hounds
  A centaur skeleton (D:6)
  An iguana (D:5)
  Natasha (D:2)
  A worker ant (D:4)
  2 hound skeletons
  10 adders
  4 gnolls (D:2)
  5 oozes
  2 adder zombies
  A worm (D:3)
  3 adder skeletons
  2 leopard geckos
  22 orcs
  2 giant cockroaches
  11 goblins
  12 hobgoblins
  14 jackals
  12 kobolds
  3 quokkas
  A ball python (D:5)
  7 bats
  6 frilled lizards
  9 rats
195 creatures vanquished.

Vanquished Creatures (collateral kills)
  A two-headed ogre (D:8)
  The ghost of Thaneod the Geomancer, a novice GrEE of Vehumet (D:7)
  Joseph (D:8)
  An ice devil (D:11)
  A bullfrog skeleton (D:11)
  An iguana (D:8)
  4 orc wizards (D:11)
10 creatures vanquished.

Vanquished Creatures (others)
  A centaur (D:11)
1 creature vanquished.

Grand Total: 206 creatures vanquished

Notes
Turn   | Place    | Note
-------+----------+-------------------------------------------
     0 | D:1      | Lavandula the Centaur Berserker began the quest for the Orb.
     0 | D:1      | Reached XP level 1. HP: 19/19 MP: 1/1
    55 | D:1      | Reached skill level 3 in Axes
    82 | D:1      | Reached XP level 2. HP: 10/26 MP: 2/2
   413 | D:2      | Reached ** piety under Trog
   459 | D:2      | Reached XP level 3. HP: 20/31 MP: 3/3
   460 | D:2      | Reached skill level 4 in Axes
   639 | D:2      | Reached XP level 4. HP: 20/38 MP: 4/4
   801 | D:2      | Reached skill level 5 in Axes
   845 | D:3      | Noticed Grinder
   932 | D:3      | Reached XP level 5. HP: 45/45 MP: 5/5
  1160 | D:3      | Noticed Natasha
  1173 | D:2      | Killed Natasha
  1540 | D:3      | Reached *** piety under Trog
  1581 | D:3      | Reached skill level 6 in Axes
  1724 | D:3      | Killed Grinder
  1724 | D:3      | Reached skill level 7 in Axes
  1724 | D:3      | Reached XP level 6. HP: 51/51 MP: 6/6
  1744 | D:3      | Found a runed door.
  1770 | D:3      | Noticed Crazy Yiuf
  1776 | D:3      | Killed Crazy Yiuf
  1915 | D:4      | Found a bloodstained altar of Trog.
  1981 | D:5      | Entered Level 5 of the Dungeon
  2172 | D:4      | Reached XP level 7. HP: 54/57 MP: 7/7
  2250 | D:4      | Found a staircase to the Ecumenical Temple.
  2290 | D:5      | Found an iron altar of Okawaru.
  2528 | D:5      | Found a sparkling altar of Nemelex Xobeh.
  2748 | D:5      | Reached **** piety under Trog
  2952 | D:6      | Reached XP level 8. HP: 45/63 MP: 8/8
  3202 | D:6      | Found a radiant altar of Vehumet.
  3274 | D:6      | Got a brightly glowing granite ring
  3275 | D:6      | Identified the ring "Gaketef" {+Fly rPois Str+2 SInv} (You found it on level 6 of the Dungeon)
  3301 | D:6      | Found a blossoming altar of Fedhas.
  3301 | D:6      | Found a hide-covered altar of Uskayaw.
  3392 | D:6      | Reached skill level 5 in Fighting
  3541 | D:7      | Gained mutation: Your body sometimes deteriorates upon taking damage. [potion of mutation]
  3541 | D:7      | Gained mutation: Your movements are slightly less encumbered by armour. (ER -2) [potion of mutation]
  3672 | D:7      | Found a runed door.
  3679 | D:7      | Noticed Thaneod's ghost (novice GrEE)
  3687 | D:7      | Killed Thaneod's ghost
  3687 | D:7      | Reached skill level 8 in Axes
  3899 | D:8      | Noticed Joseph
  3899 | D:8      | Noticed a two-headed ogre
  3969 | D:7      | Reached skill level 9 in Axes
  3987 | D:6      | Found a bloodstained altar of Trog.
  4104 | D:8      | Killed a two-headed ogre
  4104 | D:8      | Reached XP level 9. HP: 74/74 MP: 9/9
  4112 | D:8      | Killed Joseph
  4201 | D:8      | Reached skill level 10 in Axes
  4286 | D:9      | Noticed a troll
  4298 | D:9      | Killed a troll
  4298 | D:9      | Reached skill level 11 in Axes
  4304 | D:9      | Found a staircase to the Lair.
  4368 | D:8      | Noticed Erica
  4375 | D:8      | Killed Erica
  4375 | D:8      | Reached XP level 10. HP: 81/81 MP: 10/10
  4563 | D:9      | Noticed a two-headed ogre
  4570 | D:9      | Killed a two-headed ogre
  4570 | D:9      | Reached skill level 12 in Axes
  4593 | D:10     | Entered Level 10 of the Dungeon
  4626 | D:9      | Noticed Erolcha
  4636 | D:9      | Killed Erolcha
  5017 | D:11     | Noticed a harpy
  5020 | D:11     | Reached skill level 1 in Evocations
  5021 | D:11     | Killed a harpy
  5021 | D:11     | Reached ***** piety under Trog
  5089 | D:11     | Noticed a cyclops
  5098 | D:11     | Killed a cyclops
  5098 | D:11     | Reached skill level 13 in Axes
  5190 | D:11     | Found a frozen archway.
  5196 | D:11     | Reached XP level 11. HP: 84/86 MP: 14/14
  5224 | IceCv    | Entered an ice cave
  5257 | IceCv    | Noticed a white ugly thing
  5282 | IceCv    | Killed a white ugly thing
  5343 | IceCv    | Noticed a white ugly thing
  5345 | IceCv    | Engulfed by an ice statue's freezing vapour

Skill      XL: |  1  2  3  4  5  6  7  8  9 10 |
---------------+-------------------------------+-----
Axes           | 3 4 5 7 9 11 13 | 13.7
Dodging        | 2 4 |  4.6
Fighting       | 5 |  5.0
Evocations     | 4 |  4.1
Armour         | |  1.3

Action                   |  1- 3 |  4- 6 |  7- 9 | 10-12 || total
-------------------------+-------+-------+-------+-------++-------
Melee: Hand axe          |    95 |    90 |       |       ||   185
       Kick              |    15 |    35 |    58 |    36 ||   144
       War axe           |       |    26 |   169 |       ||   195
       Battleaxe         |       |       |    32 |    93 ||   125
Throw: Tomahawk          |       |       |     1 |       ||     1
Invok: Berserk           |     2 |     8 |     7 |     6 ||    23
       Trog's Hand       |       |     1 |       |     1 ||     2
       Brothers in Arms  |       |       |     2 |     3 ||     5
Evoke: Wand              |       |       |       |     6 ||     6
  Use: Scroll            |       |     1 |    14 |     4 ||    19
       Potion            |       |       |     1 |     1 ||     2
  Eat: Chunk             |       |    12 |     9 |     4 ||    25
       Ration            |       |       |     1 |     2 ||     3
Armor: Ring mail         |    45 |    40 |       |       ||    85
       Animal skin       |     2 |       |       |       ||     2
       Leather armour    |       |    10 |    77 |       ||    87
       Troll leather arm |       |       |       |    46 ||    46
Dodge: Dodged            |    40 |    60 |   108 |    58 ||   266
